[Event "Romanian Superliga 2024"]
[Site "Mamaia"]
[Date "2024.10.03"]
[Round "6.3"]
[White "Grigore, George-Gabriel"]
[Black "Nisipeanu, Liviu-Dieter"]
[Result "0-1"]
[ECO "E32"]
[WhiteElo "2414"]
[BlackElo "2580"]
[Annotator "RC"]
[PlyCount "56"]
[EventDate "2024.09.26"]
[EventType "team-tourn"]
[EventCountry "ROU"]
[SourceTitle "playchess.com"]
[Source "ChessBase"]
[SourceQuality "1"]
[TimeControl "40/5400+30:1800+30"]

1. d4 Nf6 2. c4 e6 3. Nc3 Bb4 4. Qc2 O-O 5. a3 Bxc3+ 6. Qxc3 b6 7. Bg5 Bb7 8. e3 d6 9. f3 h6 10. Bh4 Nbd7 11. Bd3 e5 12. O-O-O e4 13. Bc2 Qe8 14. f4 b5 15. Nh3 bxc4 16. Bxf6 Nxf6 17. Qxc4 Bd5 18. Qa4 Qc8 19. Nf2 a5 20. Rd2 Qb7 21. g4 Rfb8 22. Bd1 Ra6 23. g5 hxg5 24. fxg5 Nh7 25. g6 fxg6 26. Be2 Rb6 27. Nd1 Nf6 28. Bc4 Qc6 0-1

[Event "Romanian Superliga 2024"]
[Site "Mamaia"]
[Date "2024.10.03"]
[Round "6.4"]
[White "Nanu, Costica-Ciprian"]
[Black "Istratescu, Andrei"]
[Result "1/2-1/2"]
[ECO "B33"]
[WhiteElo "2525"]
[BlackElo "2370"]
[Annotator "RC"]
[PlyCount "73"]
[EventDate "2024.09.26"]
[EventType "team-tourn"]
[EventCountry "ROU"]
[SourceTitle "playchess.com"]
[Source "ChessBase"]
[SourceQuality "1"]
[TimeControl "40/5400+30:1800+30"]

1. e4 c5 2. Nf3 e6 3. d4 cxd4 4. Nxd4 Nf6 5. Nc3 Nc6 6. Ndb5 d6 7. Bf4 e5 8. Bg5 a6 9. Na3 b5 10. Nd5 Be7 11. Bxf6 Bxf6 12. c3 O-O 13. Nc2 Rb8 14. Be2 Bg5 15. O-O Ne7 16. Nxe7+ Bxe7 17. Nb4 Bb7 18. Nd5 Bxd5 19. Qxd5 Qb6 20. Rad1 Rfc8 21. Qb3 Rc5 22. Rd5 Rxd5 23. Qxd5 Qc5 24. Rd1 Qxd5 25. Rxd5 Kf8 26. Kf1 Ke8 27. Ke1 Kd7 28. Bd1 Bd8 29. Rd3 b4 30. Bb3 bxc3 31. bxc3 Ke7 32. Rf3 f6 33. Rh3 h6 34. Rg3 Kf8 35. Rd3 Ke7 36. Rg3 Kf8 37. Rd3 1/2-1/2

[Event "Romanian Superliga 2024"]
[Site "Mamaia"]
[Date "2024.10.03"]
[Round "6.6"]
[White "Magold, Filip"]
[Black "Szabo, Attila"]
[Result "1-0"]
[ECO "B39"]
[WhiteElo "2406"]
[BlackElo "2137"]
[Annotator "RC"]
[PlyCount "85"]
[EventDate "2024.09.26"]
[EventType "team-tourn"]
[EventCountry "ROU"]
[SourceTitle "playchess.com"]
[Source "ChessBase"]
[SourceQuality "1"]
[TimeControl "40/5400+30:1800+30"]

1. e4 c5 2. Nf3 Nc6 3. d4 cxd4 4. Nxd4 g6 5. c4 Bg7 6. Be3 Nf6 7. Nc3 Ng4 8. Qxg4 Nxd4 9. Qd1 Ne6 10. Rc1 Qa5 11. Be2 b6 12. O-O Bb7 13. f3 d6 14. a3 g5 15. Nb5 Bxb2 16. Rb1 Bc3 17. Rb3 Bf6 18. Rb4 Nc5 19. Nc7+ Kf8 20. Nxa8 Bxa8 21. Qc1 h6 22. Kh1 Kg7 23. Bd2 Qa6 24. Rd1 Bc6 25. Bf1 Qc8 26. Re1 Qc7 27. Rb1 Qb7 28. Be3 Qc7 29. Qd2 Qc8 30. Bd3 Qa6 31. Bxc5 bxc5 32. f4 e5 33. fxg5 Bxg5 34. Qf2 Rf8 35. h4 Be7 36. Re3 Bd7 37. Rg3+ Kh7 38. Rb8 Be6 39. Rxf8 Bxf8 40. Be2 Be7 41. Bg4 Bxc4 42. Be2 Kh8 43. Qf1 1-0

[Event "Romanian Superliga 2024"]
[Site "Mamaia"]
[Date "2024.10.03"]
[Round "6.7"]
[White "Hamitevici, Vladimir"]
[Black "Petkov, Momchil"]
[Result "1/2-1/2"]
[ECO "B51"]
[WhiteElo "2419"]
[BlackElo "2540"]
[Annotator "RC"]
[PlyCount "73"]
[EventDate "2024.09.26"]
[EventType "team-tourn"]
[EventCountry "ROU"]
[SourceTitle "playchess.com"]
[Source "ChessBase"]
[SourceQuality "1"]
[TimeControl "40/5400+30:1800+30"]

1. e4 c5 2. Nf3 d6 3. Bb5+ Nd7 4. d4 cxd4 5. Qxd4 a6 6. Bxd7+ Bxd7 7. c4 Nf6 8. O-O e6 9. Nc3 Be7 10. Qd3 O-O 11. Rd1 Bc6 12. Nd4 Rc8 13. b3 Qa5 14. Bd2 Qh5 15. h3 Rfd8 16. Nxc6 Rxc6 17. Bf4 Nd7 18. Rac1 Ne5 19. Qe2 Qxe2 20. Nxe2 g5 21. Bxe5 dxe5 22. Rxd8+ Bxd8 23. Rd1 Bc7 24. h4 gxh4 25. Kf1 Kf8 26. Nc1 b5 27. cxb5 axb5 28. Nd3 Ra6 29. Nb4 Ra3 30. Ra1 Bb6 31. Nc2 Ra8 32. a4 Rc8 33. Ra2 Rc3 34. a5 Bxa5 35. Rxa5 Rxc2 36. Rxb5 Rb2 37. Rxe5 1/2-1/2

[Event "Romanian Superliga 2024"]
[Site "Mamaia"]
[Date "2024.10.03"]
[Round "6.9"]
[White "Filip, Andrei"]
[Black "Ghimpu, Samuel-Timotei"]
[Result "0-1"]
[ECO "B12"]
[WhiteElo "2278"]
[BlackElo "2456"]
[Annotator "RC"]
[PlyCount "64"]
[EventDate "2024.09.26"]
[EventType "team-tourn"]
[EventCountry "ROU"]
[SourceTitle "playchess.com"]
[Source "ChessBase"]
[SourceQuality "1"]
[TimeControl "40/5400+30:1800+30"]

1. e4 c6 2. d4 d5 3. e5 Bf5 4. Nc3 a6 5. Be3 e6 6. g4 Bg6 7. Nge2 c5 8. h4 h5 9. Nf4 Ne7 10. Nxg6 Nxg6 11. Bg5 Qc7 12. gxh5 Ne7 13. dxc5 Nec6 14. Na4 Nd7 15. c4 Nxc5 16. Nxc5 Bxc5 17. cxd5 Bb4+ 18. Bd2 Qxe5+ 19. Be2 Qxd5 20. Rh3 Qg2 21. Bf1 Qe4+ 22. Re3 Qxh4 23. Bxb4 Qxb4+ 24. Qd2 Qxd2+ 25. Kxd2 Rxh5 26. Bg2 Rd8+ 27. Ke1 Rg5 28. Kf1 Rd2 29. Rb1 Rc5 30. Re2 Rxe2 31. Kxe2 Rc2+ 32. Ke3 f5 0-1

[Event "Romanian Superliga 2024"]
[Site "Mamaia"]
[Date "2024.10.03"]
[Round "6.13"]
[White "Kozak, Adam"]
[Black "Lashkin, Jegor"]
[Result "0-1"]
[ECO "D39"]
[WhiteElo "2609"]
[BlackElo "2472"]
[Annotator "RC"]
[PlyCount "76"]
[EventDate "2024.09.26"]
[EventType "team-tourn"]
[EventCountry "ROU"]
[SourceTitle "playchess.com"]
[Source "ChessBase"]
[SourceQuality "1"]
[TimeControl "40/5400+30:1800+30"]

1. d4 Nf6 2. c4 e6 3. Nf3 d5 4. Nc3 Bb4 5. Bg5 dxc4 6. e4 h6 7. Bxf6 Qxf6 8. Bxc4 c5 9. O-O O-O 10. e5 Qd8 11. Qe2 cxd4 12. Ne4 Be7 13. Rfd1 Qc7 14. Rac1 Bd7 15. Bxe6 Nc6 16. Bd5 Rad8 17. Ng3 Bg5 18. Rc4 Rfe8 19. Qc2 Qb8 20. Ne4 d3 21. Rxd3 Nxe5 22. Nxe5 Qxe5 23. Rc5 Qe7 24. f3 Kh8 25. Qc3 Bf4 26. g3 Be5 27. Qc1 Be6 28. Nf2 b6 29. Rb5 a6 30. Bxe6 axb5 31. Bd5 Qc5 32. Qd2 Bxb2 33. Kg2 Bc3 34. Qd1 Re1 35. Qc2 Bd4 36. Qd2 Bxf2 37. Bxf7 Rg1+ 38. Kh3 Qf5+ 0-1

[Event "Romanian Superliga 2024"]
[Site "Mamaia"]
[Date "2024.10.03"]
[Round "6.14"]
[White "Ogleznev, Alexandr"]
[Black "Tarlev, Konstantin"]
[Result "1/2-1/2"]
[ECO "B51"]
[WhiteElo "2301"]
[BlackElo "2579"]
[Annotator "RC"]
[PlyCount "58"]
[EventDate "2024.09.26"]
[EventType "team-tourn"]
[EventCountry "ROU"]
[SourceTitle "playchess.com"]
[Source "ChessBase"]
[SourceQuality "1"]
[TimeControl "40/5400+30:1800+30"]

1. e4 c5 2. Nf3 d6 3. Bb5+ Nc6 4. O-O Bd7 5. Re1 Nf6 6. c3 a6 7. Bf1 Bg4 8. d4 cxd4 9. cxd4 e5 10. d5 Nd4 11. Be3 Nxf3+ 12. gxf3 Bd7 13. Nd2 Be7 14. Nc4 b5 15. Nb6 Rb8 16. Nxd7 Nxd7 17. Rc1 Bg5 18. Rc6 Bxe3 19. Rxe3 Nb6 20. Ra3 Ra8 21. Qd2 O-O 22. Qb4 Qg5+ 23. Kh1 Nc8 24. Raxa6 Ne7 25. Rxa8 Rxa8 26. Rc7 Qf6 27. Qc3 b4 28. Qb3 h5 29. Rc4 Rxa2 1/2-1/2

[Event "Romanian Superliga 2024"]
[Site "Mamaia"]
[Date "2024.10.03"]
[Round "6.19"]
[White "Motylev, Alexander"]
[Black "Baranciuc, Alexandr"]
[Result "1-0"]
[ECO "C71"]
[WhiteElo "2582"]
[BlackElo "2333"]
[Annotator "RC"]
[PlyCount "43"]
[EventDate "2024.09.26"]
[EventType "team-tourn"]
[EventCountry "ROU"]
[SourceTitle "playchess.com"]
[Source "ChessBase"]
[SourceQuality "1"]
[TimeControl "40/5400+30:1800+30"]

1. e4 e5 2. Nf3 Nc6 3. Bb5 a6 4. Ba4 d6 5. Nc3 Bd7 6. Bxc6 bxc6 7. d4 exd4 8. Qxd4 c5 9. Qd3 Nf6 10. Bf4 Be7 11. O-O-O O-O 12. e5 dxe5 13. Nxe5 Be6 14. Nc6 Qe8 15. Nxe7+ Qxe7 16. Qg3 Rac8 17. Bg5 c4 18. Rhe1 c6 19. Ne4 Nxe4 20. Bxe7 Nxg3 21. Bxf8 Nh5 22. Bd6 1-0

[Event "Romanian Superliga 2024"]
[Site "Mamaia"]
[Date "2024.10.03"]
[Round "6.21"]
[White "Gavrilescu, David"]
[Black "Tamas, Christian-Arrydan"]
[Result "1-0"]
[ECO "B12"]
[WhiteElo "2547"]
[BlackElo "2137"]
[Annotator "RC"]
[PlyCount "55"]
[EventDate "2024.09.26"]
[EventType "team-tourn"]
[EventCountry "ROU"]
[SourceTitle "playchess.com"]
[Source "ChessBase"]
[SourceQuality "1"]
[TimeControl "40/5400+30:1800+30"]

1. e4 c6 2. d4 d5 3. e5 c5 4. dxc5 e6 5. c3 Nd7 6. Nf3 Bxc5 7. Nbd2 Ne7 8. Nb3 Qc7 9. Bf4 Ng6 10. Bg3 Be7 11. Qd4 Qb6 12. h4 f6 13. exf6 Bxf6 14. Qxb6 Nxb6 15. Bd3 O-O 16. O-O-O e5 17. h5 Nf4 18. Bxf4 exf4 19. Nfd4 Re8 20. Nc5 Nc4 21. Nb5 Bg4 22. f3 Rec8 23. Bxc4 dxc4 24. Ne4 Be6 25. Nxf6+ gxf6 26. Rd6 Kf7 27. Re1 Bf5 28. Rd5 1-0

[Event "Romanian Superliga 2024"]
[Site "Mamaia"]
[Date "2024.10.03"]
[Round "6.22"]
[White "Dodoi, Matei-Teodor"]
[Black "Costachi, Mihnea"]
[Result "1/2-1/2"]
[ECO "E69"]
[WhiteElo "2091"]
[BlackElo "2472"]
[Annotator "RC"]
[PlyCount "106"]
[EventDate "2024.09.26"]
[EventType "team-tourn"]
[EventCountry "ROU"]
[SourceTitle "playchess.com"]
[Source "ChessBase"]
[SourceQuality "1"]
[TimeControl "40/5400+30:1800+30"]

1. d4 Nf6 2. c4 g6 3. Nf3 Bg7 4. g3 O-O 5. Bg2 d6 6. O-O Nbd7 7. Nc3 e5 8. e4 c6 9. h3 Re8 10. Re1 a6 11. Qc2 b5 12. c5 exd4 13. Nxd4 dxc5 14. Nxc6 Qb6 15. Be3 Bb7 16. Nb4 Qe6 17. Nbd5 Rac8 18. Rad1 b4 19. Nf4 Qe5 20. Nd3 Qc7 21. Nd5 Qa5 22. Nxf6+ Nxf6 23. Nxc5 Bxe4 24. Bxe4 Rxe4 25. Rc1 Qxa2 26. Nxe4 Rxc2 27. Rxc2 h6 28. Nxf6+ Bxf6 29. Bxh6 Qb3 30. Ree2 Qf3 31. Be3 a5 32. Red2 Qf5 33. Rc5 Qb1+ 34. Kh2 a4 35. Rc4 a3 36. bxa3 bxa3 37. Ra4 Qb3 38. Ra8+ Kg7 39. h4 Bb2 40. Rd7 a2 41. Rda7 a1=R 42. Rxa1 Bxa1 43. Rxa1 Kf6 44. Ra5 Qc2 45. Rc5 Qa2 46. h5 gxh5 47. Rxh5 Ke6 48. Rh4 f5 49. Rf4 Qe2 50. Rh4 Qf3 51. Rf4 Qd1 52. Rh4 Qf3 53. Rf4 Qd1 1/2-1/2

[Event "Romanian Superliga 2024"]
[Site "Mamaia"]
[Date "2024.10.03"]
[Round "6.23"]
[White "Georgescu, Tiberiu-Marian"]
[Black "Costache, Andrei Eugeniu"]
[Result "0-1"]
[ECO "D30"]
[WhiteElo "2466"]
[BlackElo "1977"]
[Annotator "RC"]
[PlyCount "80"]
[EventDate "2024.09.26"]
[EventType "team-tourn"]
[EventCountry "ROU"]
[SourceTitle "playchess.com"]
[Source "ChessBase"]
[SourceQuality "1"]
[TimeControl "40/5400+30:1800+30"]

1. d4 Nf6 2. Nf3 e6 3. c4 d5 4. e3 Bb4+ 5. Bd2 Be7 6. Nc3 O-O 7. Rc1 b6 8. cxd5 exd5 9. Bd3 Bb7 10. Ne5 c5 11. O-O Nc6 12. Nxc6 Bxc6 13. dxc5 bxc5 14. Ne2 Bd6 15. Nd4 Bd7 16. Nf5 Be5 17. f4 Bxb2 18. Rxc5 Qb6 19. Ne7+ Kh8 20. Ra5 d4 21. e4 Bc3 22. Rg5 Qb4 23. Nd5 Nxd5 24. Rxd5 Bc6 25. a3 Qxa3 26. Bc1 Qa4 27. Bc2 Qb4 28. Rh5 Qb7 29. Qd3 g6 30. Rc5 a6 31. Rxc3 dxc3 32. Qxc3+ f6 33. e5 Rac8 34. exf6 Bxg2 35. Qd4 Rfd8 36. Qe5 Rd5 37. Qa1 Kg8 38. Rf2 Rxc2 39. f7+ Kxf7 40. f5 Rd1+ 0-1

[Event "Romanian Superliga 2024"]
[Site "Mamaia"]
[Date "2024.10.03"]
[Round "6.24"]
[White "Codru, Raul Cristian"]
[Black "Tudor, Henry Edward"]
[Result "0-1"]
[ECO "E35"]
[WhiteElo "1786"]
[BlackElo "2347"]
[Annotator "RC"]
[PlyCount "50"]
[EventDate "2024.09.26"]
[EventType "team-tourn"]
[EventCountry "ROU"]
[SourceTitle "playchess.com"]
[Source "ChessBase"]
[SourceQuality "1"]
[TimeControl "40/5400+30:1800+30"]

1. d4 Nf6 2. c4 e6 3. Nc3 Bb4 4. Qc2 d5 5. cxd5 exd5 6. Bg5 h6 7. Bh4 g5 8. Bg3 Ne4 9. e3 h5 10. f3 Nxg3 11. hxg3 Nc6 12. a3 Bxc3+ 13. Qxc3 Qd6 14. Ne2 Bd7 15. g4 h4 16. Rc1 b6 17. Kf2 O-O-O 18. b4 Ne7 19. Qd3 Kb8 20. Nc3 f5 21. gxf5 Nxf5 22. Nb5 Qg3+ 23. Kg1 h3 24. Rh2 Nh4 25. Qe2 hxg2 0-1

[Event "Romanian Superliga 2024"]
[Site "Mamaia"]
[Date "2024.10.03"]
[Round "6.27"]
[White "Marin, Mihail"]
[Black "Anton, Teodor"]
[Result "1-0"]
[ECO "A13"]
[WhiteElo "2455"]
[BlackElo "2427"]
[Annotator "RC"]
[PlyCount "91"]
[EventDate "2024.09.26"]
[EventType "team-tourn"]
[EventCountry "ROU"]
[SourceTitle "playchess.com"]
[Source "ChessBase"]
[SourceQuality "1"]
[TimeControl "40/5400+30:1800+30"]

1. c4 e6 2. g3 d5 3. Bg2 d4 4. Nf3 Nc6 5. O-O Nh6 6. e3 Nf5 7. e4 Nfe7 8. e5 Nf5 9. d3 h5 10. h4 b6 11. Nbd2 Bb7 12. Ne4 Be7 13. a3 a5 14. b3 Nh6 15. Re1 Ng4 16. Neg5 Qd7 17. Bf4 Nd8 18. Nh2 Bxg2 19. Kxg2 f6 20. Ne4 Nf7 21. Nxg4 hxg4 22. exf6 gxf6 23. Qxg4 f5 24. Qg6 fxe4 25. Rxe4 Kf8 26. Rxe6 Bd6 27. Bxd6+ cxd6 28. Qe4 Re8 29. Rxe8+ Qxe8 30. Re1 Qxe4+ 31. Rxe4 Rh5 32. Rxd4 Re5 33. Kf1 a4 34. b4 Ke7 35. f4 Re6 36. Kf2 Nh6 37. Re4 Nf5 38. Rxe6+ Kxe6 39. g4 Nd4 40. Ke3 Nc2+ 41. Kd2 Nxa3 42. b5 d5 43. c5 Nxb5 44. cxb6 Kd7 45. g5 a3 46. Kc1 1-0

[Event "Romanian Superliga 2024"]
[Site "Mamaia"]
[Date "2024.10.03"]
[Round "6.29"]
[White "Secheres, Adrian-Simion"]
[Black "Tugui, Adrian"]
[Result "1-0"]
[ECO "E90"]
[WhiteElo "2344"]
[BlackElo "2326"]
[Annotator "RC"]
[PlyCount "77"]
[EventDate "2024.09.26"]
[EventType "team-tourn"]
[EventCountry "ROU"]
[SourceTitle "playchess.com"]
[Source "ChessBase"]
[SourceQuality "1"]
[TimeControl "40/5400+30:1800+30"]

1. d4 Nf6 2. c4 c5 3. d5 g6 4. Nc3 Bg7 5. e4 d6 6. h3 O-O 7. Nf3 e6 8. Be2 exd5 9. exd5 Bf5 10. g4 Be4 11. O-O Bxf3 12. Bxf3 Nbd7 13. Bg5 a6 14. a4 Re8 15. Qd2 Qe7 16. Rae1 Qf8 17. Bh4 h6 18. Bg3 Rxe1 19. Rxe1 Re8 20. Rf1 Ne5 21. Be2 Ned7 22. Qc2 Qe7 23. Bd1 Nh7 24. Kg2 Nhf6 25. f3 b6 26. Qd2 Qf8 27. Bc2 Ne5 28. b3 Ned7 29. h4 Nh7 30. Ne4 Be5 31. f4 Bd4 32. f5 Rxe4 33. Bxe4 g5 34. f6 Ndxf6 35. Bf5 gxh4 36. Bf4 h5 37. Bh6 Qe7 38. g5 Ng4 39. g6 1-0